Workbook
Name Mode_of_Procurement: 'Validation Menu'!$E$2:$E$29
Name TotalABC: PMR!$T$5:$T$37
Name TotalContract: PMR!$W$5:$W$37

Sheet PMR
A2: DepEd Caloocan - Tala Elementary School | K2: Procurement Monitoring Report as of July 2026
F4: Actual Procurement Activities | T4: ABC (PhP) | W4: Contract Cost (PhP) | AA4: Date of Receipt of Invitation
A5: Code (PAP) | B5: Procurement Project | C5: PMO/End-User | D5: Is this an Early Procurement Activity? | E5: Mode of Procurement | F5: Pre-Proc Conference | G5: Ads/Post of IB | H5: Pre-bid Conf | I5: Eligibility Check | J5: Sub/Open of Bids | K5: Bid Evaluation | L5: Post Qual | M5: Date of BAC Resolution Recommending Award | N5: Notice of Award | O5: Contract Signing | P5: Notice to Proceed | Q5: Delivery/ Completion | R5: Inspection & Acceptance | S5: Source of Funds | T5: Total | U5: MOOE | V5: CO | W5: Total2 | X5: MOOE2 | Y5: CO3 | Z5: List of Invited Observers | AA5: Pre-bid Conf4 | AB5: Eligibility Check5 | AC5: Sub/ Open of Bids6 | AD5: Bid Evaluation7 | AE5: Post Qual8 | AF5: Delivery/ Completion/ Acceptance (If applicable) | AG5: Remarks (Explaining changes from the APP)
A6: COMPLETED PROCUREMENT ACTIVITIES | W6: =Completed[[#This Row],[MOOE2]] -> 0
B7: Printing of Third Periodical Test | C7: TALA ELEMENTARY SCHOOL | D7: No | E7: Sec. 34 - Small-Value Procurement | F7: 46055 | G7: 46055 | H7: 46055 | I7: 46055 | J7: 46062 | K7: 46062 | L7: 46062 | M7: 46062 | N7: 46062 | O7: 46064 | P7: 46062 | Q7: 46066 | R7: 46066 | S7: MOOE | T7: =Completed[[#This Row],[MOOE]] -> 99999.25 | U7: 99999.25 | W7: =Completed[[#This Row],[MOOE2]] -> 97930.3 | X7: 97930.3 | AA7: 46055 | AB7: 46055 | AC7: 46062 | AD7: 46062 | AE7: 46062 | AF7: 46066 | AG7: Completed
B8: Printing of Fourth Periodical Test | C8: TALA ELEMENTARY SCHOOL | D8: No | E8: Sec. 34 - Small-Value Procurement | F8: 46092 | G8: 46092 | H8: 46092 | I8: 46092 | J8: 46097 | K8: 46097 | L8: 46097 | M8: 46099 | N8: 46099 | O8: 46099 | P8: 46099 | Q8: 46104 | R8: 46104 | S8: MOOE | T8: =Completed[[#This Row],[MOOE]] -> 99999.25 | U8: 99999.25 | W8: =Completed[[#This Row],[MOOE2]] -> 98619.95 | X8: 98619.95 | AA8: 46092 | AB8: 46092 | AC8: 46097 | AD8: 46097 | AE8: 46097 | AF8: 46104 | AG8: Completed
B9: Purchase of Graduation, Moving UP, PRAISE 2026 | C9: TALA ELEMENTARY SCHOOL | D9: No | E9: Sec. 34 - Small-Value Procurement | F9: 46087 | G9: 46087 | H9: 46087 | I9: 46087 | J9: 46093 | K9: 46093 | L9: 46093 | M9: 46097 | N9: 46094 | O9: 46098 | P9: 46097 | Q9: 46104 | R9: 46104 | S9: MOOE | T9: =Completed[[#This Row],[MOOE]] -> 249965 | U9: 249965 | W9: =Completed[[#This Row],[MOOE2]] -> 249875 | X9: 249875 | AA9: 46087 | AB9: 46087 | AC9: 46093 | AD9: 46093 | AE9: 46093 | AF9: 46104 | AG9: Completed
B10: Purchase of Office Supplies | C10: TALA ELEMENTARY SCHOOL | D10: No | E10: Sec. 34 - Small-Value Procurement | F10: 46092 | G10: 46092 | H10: 46092 | I10: 46092 | J10: 46094 | K10: 46094 | L10: 46094 | M10: 46099 | N10: 46098 | O10: 46099 | P10: 46099 | Q10: 46104 | R10: 46104 | S10: MOOE | T10: =Completed[[#This Row],[MOOE]] -> 46996.36 | U10: 46996.36 | W10: =Completed[[#This Row],[MOOE2]] -> 46996.36 | X10: 46996.36 | AA10: 46092 | AB10: 46092 | AC10: 46094 | AD10: 46094 | AE10: 46094 | AF10: 46104 | AG10: Completed
B11: Procurement of Rehabilitation of Water Connection | C11: TALA ELEMENTARY SCHOOL | D11: No | E11: Sec. 34 - Small-Value Procurement | F11: 46113 | G11: 46113 | H11: 46113 | I11: 46113 | J11: 46120 | K11: 46120 | L11: 46120 | M11: 46125 | N11: 46125 | O11: 46127 | P11: 46127 | Q11: 46141 | R11: 46141 | S11: MOOE | T11: =Completed[[#This Row],[MOOE]] -> 240000 | U11: 240000 | W11: =Completed[[#This Row],[MOOE2]] -> 237530.46 | X11: 237530.46 | AA11: 46113 | AB11: 46113 | AC11: 46120 | AD11: 46120 | AE11: 46120 | AF11: 46141 | AG11: Completed
B12: Procurement of Repair and Declogging of All Comfort Rooms | C12: TALA ELEMENTARY SCHOOL | D12: No | E12: Sec. 34 - Small-Value Procurement | F12: 46150 | G12: 46150 | H12: 46150 | I12: 46150 | J12: 46155 | K12: 46155 | L12: 46155 | M12: 46156 | N12: 46156 | O12: 46160 | P12: 46160 | Q12: 46171 | R12: 46171 | S12: MOOE | T12: =Completed[[#This Row],[MOOE]] -> 240000 | U12: 240000 | W12: =Completed[[#This Row],[MOOE2]] -> 234841.82 | X12: 234841.82 | AA12: 46150 | AB12: 46150 | AC12: 46155 | AD12: 46155 | AE12: 46155 | AF12: 46171 | AG12: Completed
B13: Gender and Development | C13: TALA ELEMENTARY SCHOOL | D13: No | E13: Sec. 34 - Small-Value Procurement | F13: 46153 | G13: 46153 | H13: 46153 | I13: 46153 | J13: 46155 | K13: 46155 | L13: 46155 | M13: 46156 | N13: 46156 | O13: 46163 | P13: 46163 | Q13: 46171 | R13: 46171 | S13: MOOE | T13: =Completed[[#This Row],[MOOE]] -> 203600 | U13: 203600 | W13: =Completed[[#This Row],[MOOE2]] -> 202950 | X13: 202950 | AA13: 46153 | AB13: 46153 | AC13: 46155 | AD13: 46155 | AE13: 46155 | AF13: 46171 | AG13: Completed
B14: Procurement of Rehabilitation of Ancillary Rooms (LIBRARY/LRMDS) | C14: TALA ELEMENTARY SCHOOL | D14: No | E14: Sec. 34 - Small-Value Procurement | F14: 46153 | G14: 46153 | H14: 46153 | I14: 46153 | J14: 46155 | K14: 46155 | L14: 46155 | M14: 46156 | N14: 46156 | O14: 46160 | P14: 46160 | Q14: 46171 | R14: 46171 | S14: MOOE | T14: =Completed[[#This Row],[MOOE]] -> 200000 | U14: 200000 | W14: =Completed[[#This Row],[MOOE2]] -> 195622.06 | X14: 195622.06 | AA14: 46153 | AB14: 46153 | AC14: 46155 | AD14: 46155 | AE14: 46155 | AF14: 46171 | AG14: Completed
B15: Purchase of Office Equipment | C15: TALA ELEMENTARY SCHOOL | D15: No | E15: Sec. 34 - Small-Value Procurement | F15: 46154 | G15: 46154 | H15: 46154 | I15: 46154 | J15: 46157 | K15: 46157 | L15: 46157 | M15: 46160 | N15: 46160 | O15: 46162 | P15: 46161 | Q15: 46171 | R15: 46171 | S15: MOOE | T15: =Completed[[#This Row],[MOOE]] -> 47000 | U15: 47000 | W15: =Completed[[#This Row],[MOOE2]] -> 47000 | X15: 47000 | AA15: 46154 | AB15: 46154 | AC15: 46157 | AD15: 46157 | AE15: 46157 | AF15: 46171 | AG15: Completed
B16: Printing of Diagnostic Test SY 2026-2027 | C16: TALA ELEMENTARY SCHOOL | D16: No | E16: Sec. 34 - Small-Value Procurement | F16: 46181 | G16: 46181 | H16: 46181 | I16: 46181 | J16: 46183 | K16: 46183 | L16: 46183 | M16: 46184 | N16: 46184 | O16: 46188 | P16: 46188 | Q16: 46191 | R16: 46191 | S16: MOOE | T16: =Completed[[#This Row],[MOOE]] -> 99998.79 | U16: 99998.79 | W16: =Completed[[#This Row],[MOOE2]] -> 99317.75 | X16: 99317.75 | AA16: 46181 | AB16: 46181 | AC16: 46183 | AD16: 46183 | AE16: 46183 | AF16: 46191 | AG16: Completed
B17: Purchase of Office Supplies | C17: TALA ELEMENTARY SCHOOL | D17: No | E17: Sec. 34 - Small-Value Procurement | F17: 46181 | G17: 46181 | H17: 46181 | I17: 46181 | J17: 46183 | K17: 46183 | L17: 46183 | M17: 46184 | N17: 46184 | O17: 46188 | P17: 46188 | Q17: 46191 | R17: 46191 | S17: MOOE | T17: =Completed[[#This Row],[MOOE]] -> 84160 | U17: 84160 | W17: =Completed[[#This Row],[MOOE2]] -> 83935 | X17: 83935 | AA17: 46181 | AB17: 46181 | AC17: 46183 | AD17: 46183 | AE17: 46183 | AF17: 46191 | AG17: Completed
B18: WINS Supplies & Materials | C18: TALA ELEMENTARY SCHOOL | D18: No | E18: Sec. 34 - Small-Value Procurement | F18: 46181 | G18: 46181 | H18: 46181 | I18: 46181 | J18: 46183 | K18: 46183 | L18: 46183 | M18: 46184 | N18: 46184 | O18: 46188 | P18: 46188 | Q18: 46191 | R18: 46191 | S18: MOOE | T18: =Completed[[#This Row],[MOOE]] -> 49996 | U18: 49996 | W18: =Completed[[#This Row],[MOOE2]] -> 49996 | X18: 49996 | AA18: 46181 | AB18: 46181 | AC18: 46183 | AD18: 46183 | AE18: 46183 | AF18: 46191 | AG18: Completed
T19: =Completed[[#This Row],[MOOE]] -> 0 | W19: =Completed[[#This Row],[MOOE2]] -> 0
T20: =Completed[[#This Row],[MOOE]] -> 0 | W20: =Completed[[#This Row],[MOOE2]] -> 0
T21: =Completed[[#This Row],[MOOE]] -> 0 | W21: =Completed[[#This Row],[MOOE2]] -> 0
T22: =Completed[[#This Row],[MOOE]] -> 0 | W22: =Completed[[#This Row],[MOOE2]] -> 0
F23: 46113 | T23: =Completed[[#This Row],[MOOE]] -> 0 | W23: =Completed[[#This Row],[MOOE2]] -> 0
S24: Total Allotted Budget of Procurement Activities | T24: =SUM(PMR!$T$6:$T$23) -> 1661714.6 | U24: =SUM(PMR!$U$6:$U$23) -> 1661714.6 | V24: =SUM(PMR!$V$6:$V$23) -> 0
S25: Total Contract Price of Procurement Activities Conducted | W25: =SUM(PMR!$W$6:$W$23) -> 1644614.7 | X25: =SUM(PMR!$X$6:$X$23) -> 1644614.7 | Y25: =SUM(PMR!$Y$6:$Y$23) -> 0
S26: Total Savings (Total Allotted Budget - Total Contract Price) | T26: =T24-W25 -> 17099.95
A28: Code (PAP) | B28: Procurement Project | C28: PMO/End-User | D28: Is this an Early Procurement Activity? | E28: Mode of Procurement | F28: Pre-Proc Conference | G28: Ads/Post of IB | H28: Pre-bid Conf | I28: Eligibility Check | J28: Sub/Open of Bids | K28: Bid Evaluation | L28: Post Qual | M28: Date of BAC Resolution Recommending Award | N28: Notice of Award | O28: Contract Signing | P28: Notice to Proceed | Q28: Delivery/ Completion | R28: Inspection & Acceptance | S28: Source of Funds | T28: Total | U28: MOOE | V28: CO | W28: Total2 | X28: MOOE2 | Y28: CO3 | Z28: List of Invited Observers | AA28: Pre-bid Conf4 | AB28: Eligibility Check5 | AC28: Sub/Open of Bids6 | AD28: Bid Evaluation7 | AE28: Post Qual8 | AF28: Delivery/ Completion/ Acceptance (If applicable) | AG28: Remarks (Explaining changes from the APP)
A29: ONGOING PROCUREMENT ACTIVITIES | T29: =IF(Ongoing[[#This Row],[Procurement Project]]="","",SUM(Ongoing[[#This Row],[MOOE]]+Ongoing[[#This Row],[CO]])) | W29: =IF(Ongoing[[#This Row],[Procurement Project]]="","",SUM(Ongoing[[#This Row],[MOOE2]]+Ongoing[[#This Row],[CO3]]))
S37: Total Allotted Budget of On-going Procurement Activities | T37: =SUBTOTAL(109,Ongoing[[Total ]]) -> 0 | U37: =SUBTOTAL(109,Ongoing[MOOE]) -> 0 | V37: =SUBTOTAL(109,Ongoing[CO]) -> 0 | W37: =SUBTOTAL(109,Ongoing[Total2]) -> 0 | X37: =SUBTOTAL(109,Ongoing[MOOE2]) -> 0 | Y37: =SUBTOTAL(109,Ongoing[CO3]) -> 0
C40: Prepared by: | K40: Recommended for Approval by: | W40: APPROVED:
C44: MITZEL D. BARRIENTOS | K44: RODA T. CANALES | W44: REMEDIOS B. LICONG
C45: BAC Secretariat | K45: BAC Chairperson | W45: Head of the Procuring Entity

Sheet Sheet1

Sheet Sheet3

Sheet Sheet2

Sheet Validation Menu
A1: REMARKS | B1: STATUS | C1: STAGE OF PROCUREMENT | D1: Source of Funds | E1: Mode of Procurement
A2: Awarded with issued Notice of Award | B2: Awarded | C2: Invitation To Bid | D2: Government of the Philippines (current year's budget) | E2: Competitive Bidding
A3: Completed | B3: Completed | C3: Pre-bidding Conference | D3: Government of the Philippines (continuing budget) | E3: Limited Source Bidding
A4: Ongoing Procurement Process | B4: Failed | C4: Opening of Bids | D4: Government of the Philippines (current year's and continuing budget) | E4: Direct Contracting
A5: Failed under Section 32.2.1 (a) | B5: Ongoing | C5: Bid Evaluation | D5: Grant by an International Financing Institution | E5: Repeat Order
A6: Failed under Section 35.1 (a) | C6: Post-Qualification | D6: Loan from an International Financing Institution | E6: Shopping 52.1(a) - Unforeseen Contingency
A7: Failed under Section 35.1 (b) | C7: BAC Resolution | E7: Shopping 52.1(b) - Regular Office Supplies and Equipment not available in PS
A8: Failed under Section 35.1 (c) | C8: Award | E8: Negotiated Procurement - Two Failed Biddings
A9: Failed under Section 41 (b) | C9: Cancelled | E9: Negotiated Procurement - Emergency Cases
A10: Failed under Section 41 (c) | E10: Negotiated Procurement - Take-Over of Contracts
A11: Contract was extended | E11: Negotiated Procurement - Adjacent or Contiguous
A12: Contract was renewed | E12: Negotiated Procurement - Agency-to-Agency
A13: Cancelled | E13: Negotiated Procurement - Scientific, Scholarly, Artistic Work, Exclusive Technology and Media Services
A14: Others, please encode directly on the cell | E14: Negotiated Procurement - Highly Technical Consultants
E15: Negotiated Procurement - Defense Cooperation Agreement
E16: Negotiated Procurement - Small Value Procurement
E17: Negotiated Procurement - Lease of Real Property and Venue
E18: Negotiated Procurement - NGO Participation
E19: Negotiated Procurement - Community Participation
E20: Negotiated Procurement - UN Agencies, Int'l Organizations or International Financing Institutions
E21: Negotiated Procurement - Direct Retail Purchase of Petroleum Fuel, Oil and Lubricant Products, Electronic Charging Devices, and Online Subscriptions
E22: Foreign Guidelines - Competitive Bidding
E23: Foreign Guidelines - Alternative Method
E24: Competitive Dialogue
E25: Unsolicited Offer with Bid Matching
E26: Direct Acquisition
... E29: Others, specify in the remarks: Mode of Procurement use <Mode>
